[ AOE2 MATCH · #505181989 ]
UnrankedFranks vs Maya
Player's team · LOSS
Rival team · WIN
[ REPLAY ANALYSIS · EXTRACTED FROM THE RECORDED GAME ]
Feudal
8:37
Castle
20:05
Imperial
35:05
| APM avg | 73.1 |
| APM peak | 119 |
| eAPM avg | 40.6 |
| Villagers / military | 104 / 69 |
Focus
⚔️ 56.3% · 🌾 43.7%
Knight ×47 · Skirmisher ×8 · Scorpion ×4 · Monk ×3 · Spearman ×3 · Trebuchet (Packed) ×3
Feudal
11:20
Castle
19:14
Imperial
34:12
| APM avg | 62.4 |
| APM peak | 95 |
| eAPM avg | 36.0 |
| Villagers / military | 124 / 125 |
Focus
⚔️ 48.9% · 🌾 51.1%
Plumed Archer ×51 · Spearman ×40 · Eagle Scout ×16 · Monk ×7 · Trebuchet (Packed) ×6 · Militia ×3
Match map
Initial resources + every placement click. Lines = walls · curves = elevation contours. ◆ gold · ⬟ stone · ● berries · ✦ relic · ◌ wall gap
Your base· ✓ Closed at 20:05 · 34t walls · no gate
medicesesoporquesoyguapo's base· ✓ Closed at 19:14 · 51t walls · no gate
Smoothed initial terrain · ◌ = detected wall gap · hover for details
Inputs per minute
— VENÓN | El Claut_One - - medicesesoporquesoyguapo
Build order — VENÓN | El Claut_One
First 150 of 318 actions detected
| 0:00 | Create | Villager (Male) |
| 0:00 | Create | Villager (Male) |
| 0:01 | Create | Villager (Male) |
| 0:01 | Create | Villager (Male) |
| 0:02 | Build | House |
| 0:03 | Build | House |
| 1:09 | Create | Villager (Male) |
| 1:58 | Create | Villager (Male) |
| 2:15 | Create | Villager (Male) |
| 2:17 | Build | Lumber Camp |
| 2:38 | Create | Villager (Male) |
| 2:38 | Create | Villager (Male) |
| 2:57 | Create | Villager (Male) |
| 3:16 | Create | Villager (Male) |
| 3:17 | Create | Villager (Male) |
| 3:34 | Create | Villager (Male) |
| 3:47 | Build | House |
| 3:53 | Create | Villager (Male) |
| 4:52 | Create | Villager (Male) |
| 5:03 | Build | Mill |
| 5:11 | Create | Villager (Male) |
| 5:11 | Research | Loom |
| 6:27 | Research | Feudal Age |
| 6:59 | Build | Palisade Wall |
| 7:00 | Build | Palisade Wall |
| 7:01 | Build | House |
| 7:03 | Build | Palisade Wall |
| 7:03 | Build | Palisade Wall |
| 7:39 | Build | Palisade Wall |
| 7:44 | Build | Palisade Wall |
| 7:45 | Build | Palisade Wall |
| 7:50 | Build | Palisade Wall |
| 7:59 | Build | Barracks |
| 8:11 | Create | Villager (Male) |
| 8:37 | Age | Feudal Age |
| 8:43 | Create | Villager (Male) |
| 8:55 | Build | Archery Range |
| 9:02 | Research | Double-Bit Axe |
| 9:21 | Create | Villager (Male) |
| 9:30 | Create | Villager (Male) |
| 9:36 | Build | Palisade Wall |
| 9:40 | Create | Villager (Male) |
| 9:45 | Create | Skirmisher |
| 9:56 | Build | Farm |
| 10:23 | Create | Villager (Male) |
| 10:27 | Build | Farm |
| 10:30 | Create | Skirmisher |
| 10:34 | Create | Villager (Male) |
| 10:43 | Build | Farm |
| 10:52 | Build | House |
| 11:10 | Build | Mining Camp |
| 11:28 | Create | Villager (Male) |
| 11:37 | Create | Skirmisher |
| 11:59 | Build | Farm |
| 12:00 | Build | Farm |
| 12:07 | Create | Villager (Male) |
| 12:13 | Build | House |
| 12:23 | Create | Skirmisher |
| 12:40 | Build | Farm |
| 12:53 | Create | Spearman |
| 12:53 | Create | Villager (Male) |
| 12:56 | Build | House |
| 13:19 | Build | Farm |
| 13:22 | Create | Skirmisher |
| 13:34 | Build | Farm |
| 13:34 | Create | Villager (Male) |
| 13:43 | Build | Farm |
| 13:53 | Create | Villager (Male) |
| 14:14 | Build | Farm |
| 14:14 | Create | Villager (Male) |
| 14:28 | Create | Villager (Male) |
| 14:30 | Build | Farm |
| 14:38 | Create | Spearman |
| 14:39 | Create | Skirmisher |
| 14:47 | Build | House |
| 14:57 | Create | Villager (Male) |
| 14:58 | Build | Farm |
| 15:04 | Build | Palisade Wall |
| 15:04 | Build | Palisade Wall |
| 15:09 | Build | Palisade Wall |
| 15:10 | Build | Palisade Wall |
| 15:57 | Create | Skirmisher |
| 15:58 | Create | Villager (Male) |
| 16:00 | Build | Farm |
| 16:01 | Build | Farm |
| 16:03 | Build | Farm |
| 16:05 | Build | Farm |
| 16:10 | Create | Spearman |
| 16:35 | Create | Villager (Male) |
| 16:37 | Create | Skirmisher |
| 16:56 | Build | Blacksmith |
| 17:00 | Create | Villager (Male) |
| 17:17 | Research | Castle Age |
| 17:31 | Build | Farm |
| 17:43 | Create | Villager (Male) |
| 17:54 | Build | House |
| 18:14 | Research | Forging |
| 18:34 | Build | Palisade Wall |
| 18:36 | Build | Palisade Wall |
| 18:47 | Build | Stable |
| 19:48 | Build | Stable |
| 20:05 | Age | Castle Age |
| 20:12 | Create | Knight |
| 20:15 | Create | Villager (Male) |
| 20:30 | Build | Town Center |
| 20:38 | Create | Knight |
| 20:38 | Create | Knight |
| 20:41 | Build | Palisade Wall |
| 20:45 | Create | Knight |
| 20:47 | Research | Scale Barding Armor |
| 20:55 | Build | Palisade Wall |
| 20:58 | Create | Villager (Male) |
| 21:18 | Create | Villager (Male) |
| 21:20 | Research | Bow Saw |
| 21:23 | Create | Knight |
| 21:23 | Create | Knight |
| 21:29 | Build | Farm |
| 21:32 | Create | Knight |
| 21:40 | Research | Chain Barding Armor |
| 21:47 | Create | Villager (Male) |
| 21:54 | Build | Palisade Gate |
| 22:01 | Create | Villager (Male) |
| 22:13 | Build | Palisade Gate |
| 22:17 | Create | Villager (Male) |
| 22:22 | Build | Farm |
| 22:28 | Create | Knight |
| 22:29 | Create | Knight |
| 22:30 | Create | Villager (Male) |
| 22:53 | Build | Farm |
| 23:03 | Create | Villager (Male) |
| 23:10 | Build | Town Center |
| 23:15 | Create | Knight |
| 23:15 | Create | Knight |
| 23:43 | Create | Villager (Male) |
| 23:43 | Create | Villager (Male) |
| 24:02 | Create | Villager (Male) |
| 24:05 | Create | Villager (Male) |
| 24:06 | Create | Villager (Male) |
| 24:21 | Create | Villager (Male) |
| 24:22 | Create | Villager (Male) |
| 24:24 | Build | Farm |
| 24:25 | Build | Farm |
| 24:29 | Build | Monastery |
| 24:31 | Build | Siege Workshop |
| 24:33 | Create | Villager (Male) |
| 24:33 | Create | Villager (Male) |
| 24:47 | Create | Villager (Male) |
| 24:55 | Create | Villager (Male) |
| 24:59 | Build | House |
| 24:59 | Build | House |
Build order — medicesesoporquesoyguapo
First 150 of 417 actions detected
| 0:00 | Research | Loom |
| 0:03 | Build | House |
| 0:06 | Create | Villager (Male) |
| 0:06 | Create | Villager (Male) ×2 |
| 1:16 | Create | Villager (Male) |
| 1:49 | Create | Villager (Male) |
| 1:49 | Create | Villager (Male) |
| 1:57 | Create | Villager (Male) |
| 2:33 | Build | House |
| 2:49 | Create | Villager (Male) |
| 2:50 | Create | Villager (Male) |
| 2:50 | Create | Villager (Male) |
| 2:56 | Build | Lumber Camp |
| 3:40 | Create | Villager (Male) |
| 3:40 | Create | Villager (Male) |
| 4:15 | Build | House |
| 4:42 | Create | Villager (Male) |
| 4:42 | Create | Villager (Male) |
| 4:42 | Create | Villager (Male) |
| 5:03 | Build | Barracks |
| 5:30 | Create | Villager (Male) |
| 5:30 | Create | Villager (Male) |
| 5:33 | Create | Villager (Male) |
| 5:36 | Create | Villager (Male) |
| 5:46 | Build | House |
| 6:02 | Create | Militia |
| 6:05 | Create | Militia |
| 6:30 | Build | Palisade Wall |
| 6:56 | Build | Mill |
| 7:06 | Build | House |
| 7:14 | Create | Villager (Male) |
| 7:36 | Build | Palisade Wall |
| 7:42 | Create | Villager (Male) |
| 7:45 | Create | Militia |
| 7:54 | Build | Palisade Wall |
| 8:12 | Create | Villager (Male) |
| 8:17 | Build | House |
| 8:36 | Build | House |
| 8:45 | Create | Villager (Male) |
| 9:08 | Research | Feudal Age |
| 9:28 | Build | Lumber Camp |
| 9:56 | Build | Palisade Wall |
| 10:17 | Build | Palisade Wall |
| 10:21 | Build | Palisade Wall |
| 10:49 | Build | Mining Camp |
| 10:49 | Create | Villager (Male) |
| 11:13 | Build | Farm |
| 11:20 | Age | Feudal Age |
| 11:22 | Research | Double-Bit Axe |
| 11:23 | Research | Horse Collar |
| 11:34 | Create | Spearman |
| 11:41 | Create | Villager (Male) |
| 11:43 | Build | Farm |
| 11:49 | Build | Farm |
| 12:00 | Create | Villager (Male) |
| 12:02 | Build | Farm |
| 12:11 | Build | House |
| 12:20 | Create | Villager (Male) |
| 12:22 | Build | Farm |
| 12:31 | Build | Farm |
| 12:41 | Build | Palisade Wall |
| 12:50 | Create | Villager (Male) |
| 12:52 | Build | Farm |
| 13:15 | Build | Farm |
| 13:17 | Build | Farm |
| 13:18 | Create | Villager (Male) |
| 13:21 | Create | Eagle Scout |
| 13:22 | Create | Eagle Scout |
| 13:39 | Create | Villager (Male) |
| 13:58 | Build | House |
| 14:02 | Create | Villager (Male) |
| 14:08 | Build | House |
| 14:22 | Build | Market |
| 14:40 | Create | Villager (Male) |
| 14:55 | Build | House |
| 14:58 | Create | Villager (Male) |
| 15:09 | Build | Blacksmith |
| 15:16 | Create | Villager (Male) |
| 15:55 | Create | Villager (Male) |
| 15:58 | Build | House |
| 16:19 | Build | Farm |
| 16:34 | Research | Castle Age |
| 16:39 | Build | Farm |
| 16:57 | Build | Barracks |
| 16:58 | Create | Eagle Scout |
| 17:05 | Create | Eagle Scout |
| 17:16 | Create | Eagle Scout |
| 17:23 | Research | Gold Mining |
| 17:28 | Build | House |
| 17:28 | Build | Palisade Wall |
| 17:53 | Create | Eagle Scout |
| 17:54 | Create | Eagle Scout |
| 18:10 | Research | Scale Mail Armor |
| 18:16 | Create | Villager (Male) |
| 18:18 | Build | Farm |
| 18:42 | Build | Farm |
| 18:48 | Create | Eagle Scout |
| 19:11 | Create | Eagle Scout |
| 19:14 | Age | Castle Age |
| 19:18 | Build | Town Center |
| 19:23 | Research | Bow Saw |
| 19:28 | Create | Villager (Male) |
| 19:34 | Research | Squires |
| 19:48 | Build | Town Center |
| 19:50 | Create | Villager (Male) |
| 19:55 | Create | Eagle Scout |
| 20:11 | Create | Villager (Male) |
| 20:13 | Build | Monastery |
| 20:35 | Create | Villager (Male) |
| 20:39 | Research | Heavy Plow |
| 20:59 | Create | Monk |
| 20:59 | Create | Monk |
| 21:06 | Create | Villager (Male) |
| 21:08 | Build | Farm |
| 21:10 | Build | Farm |
| 21:13 | Create | Villager (Male) |
| 21:14 | Create | Villager (Male) |
| 21:28 | Create | Villager (Male) |
| 21:29 | Create | Villager (Male) |
| 21:30 | Build | Farm |
| 21:30 | Create | Villager (Male) |
| 21:32 | Build | Farm |
| 21:35 | Build | Farm |
| 21:42 | Build | House |
| 21:44 | Create | Villager (Male) |
| 21:45 | Create | Villager (Male) |
| 21:48 | Build | House |
| 21:48 | Build | House |
| 22:07 | Create | Villager (Male) |
| 22:11 | Create | Villager (Male) |
| 22:12 | Create | Villager (Male) |
| 22:15 | Build | House |
| 22:16 | Build | House |
| 22:19 | Build | Farm |
| 22:19 | Create | Villager (Male) |
| 22:21 | Build | Farm |
| 22:24 | Build | Farm |
| 22:30 | Create | Villager (Male) |
| 22:45 | Create | Monk |
| 22:48 | Create | Villager (Male) |
| 22:49 | Create | Villager (Male) |
| 22:51 | Build | Farm |
| 22:51 | Create | Villager (Male) |
| 22:51 | Create | Villager (Male) |
| 22:53 | Build | Farm |
| 22:58 | Build | House |
| 22:59 | Build | House |
| 23:00 | Create | Villager (Male) |
| 23:10 | Create | Villager (Male) |
| 23:14 | Create | Villager (Male) |
Match timeline
| 5:03 | medicesesoporquesoyguapo · first_building Barracks |
| 6:30 | medicesesoporquesoyguapo · wall_segment Palisade Wall x6 |
| 6:59 | VENÓN | El Claut_One · wall_segment Palisade Wall x1 |
| 7:00 | VENÓN | El Claut_One · wall_segment Palisade Wall x1 |
| 7:03 | VENÓN | El Claut_One · wall_segment Palisade Wall x1 |
| 7:03 | VENÓN | El Claut_One · wall_segment Palisade Wall x1 |
| 7:36 | medicesesoporquesoyguapo · wall_segment Palisade Wall x7 |
| 7:39 | VENÓN | El Claut_One · wall_segment Palisade Wall x4 |
| 7:44 | VENÓN | El Claut_One · wall_segment Palisade Wall x1 |
| 7:45 | VENÓN | El Claut_One · wall_segment Palisade Wall x1 |
| 7:50 | VENÓN | El Claut_One · wall_segment Palisade Wall x5 |
| 7:54 | medicesesoporquesoyguapo · wall_segment Palisade Wall x15 |
| 7:59 | VENÓN | El Claut_One · first_building Barracks |
| 8:37 | VENÓN | El Claut_One · age_up feudal |
| 8:55 | VENÓN | El Claut_One · first_building Archery Range |
| 9:36 | VENÓN | El Claut_One · wall_segment Palisade Wall x6 |
| 9:56 | medicesesoporquesoyguapo · wall_segment Palisade Wall x8 |
| 10:17 | medicesesoporquesoyguapo · wall_segment Palisade Wall x1 |
| 10:21 | medicesesoporquesoyguapo · wall_segment Palisade Wall x2 |
| 11:20 | medicesesoporquesoyguapo · age_up feudal |
| 12:41 | medicesesoporquesoyguapo · wall_segment Palisade Wall x12 |
| 15:04 | VENÓN | El Claut_One · wall_segment Palisade Wall x1 |
| 15:04 | VENÓN | El Claut_One · wall_segment Palisade Wall x1 |
| 15:09 | VENÓN | El Claut_One · wall_segment Palisade Wall x2 |
| 15:10 | VENÓN | El Claut_One · wall_segment Palisade Wall x7 |
| 16:15 | medicesesoporquesoyguapo · first_market_buy 100 food |
| 17:28 | medicesesoporquesoyguapo · wall_segment Palisade Wall x1 |
| 18:34 | VENÓN | El Claut_One · wall_segment Palisade Wall x1 |
| 18:36 | VENÓN | El Claut_One · wall_segment Palisade Wall x1 |
| 18:47 | VENÓN | El Claut_One · first_building Stable |
| 19:14 | medicesesoporquesoyguapo · age_up castle |
| 20:05 | VENÓN | El Claut_One · age_up castle |
| 20:13 | medicesesoporquesoyguapo · first_building Monastery |
| 20:41 | VENÓN | El Claut_One · wall_segment Palisade Wall x1 |
| 20:55 | VENÓN | El Claut_One · wall_segment Palisade Wall x1 |
| 24:29 | VENÓN | El Claut_One · first_building Monastery |
| 24:31 | VENÓN | El Claut_One · first_building Siege Workshop |
| 25:55 | medicesesoporquesoyguapo · wall_segment Palisade Wall x1 |
| 26:40 | medicesesoporquesoyguapo · wall_segment Palisade Wall x1 |
| 28:03 | VENÓN | El Claut_One · wall_segment Palisade Wall x1 |
| 28:03 | VENÓN | El Claut_One · wall_segment Palisade Wall x6 |
| 28:45 | medicesesoporquesoyguapo · first_building Castle |
| 31:18 | medicesesoporquesoyguapo · first_building Siege Workshop |
| 31:35 | VENÓN | El Claut_One · first_market_sell 100 food |
| 32:14 | medicesesoporquesoyguapo · first_market_sell 100 food |
| 32:18 | VENÓN | El Claut_One · wall_segment Stone Wall x4 |
| 32:20 | VENÓN | El Claut_One · wall_segment Stone Wall x5 |
| 33:27 | VENÓN | El Claut_One · wall_segment Stone Wall x2 |
| 33:29 | VENÓN | El Claut_One · wall_segment Stone Wall x1 |
| 34:00 | medicesesoporquesoyguapo · wall_segment Stone Wall x1 |
| 34:12 | medicesesoporquesoyguapo · age_up imperial |
| 34:19 | VENÓN | El Claut_One · first_market_buy 100 stone |
| 34:24 | VENÓN | El Claut_One · first_building Castle |
| 35:05 | VENÓN | El Claut_One · age_up imperial |
| 38:51 | medicesesoporquesoyguapo · first_building Archery Range |
| 39:05 | VENÓN | El Claut_One · resign |
[ AI ANALYSIS · 1 CREDIT ]
What really happened in this match?
Wolo.gg analyzes every decision: build order, eco, micro, common mistakes by bracket. Personalized analysis on WhatsApp or Discord in 30 seconds.
Civ guide
Franks
Perfil
Jugador #358501